 Dungeon Crawl Stone Soup version 0.28.0-53-g5a82cb258f (webtiles) character file.

Game seed: 12897597328690507102

3682 Doot the Basher (level 10, -1/59 HPs)
             Began as a Tengu Gladiator on May 30, 2022.
             Was a Believer of Lugonu.
             Killed from afar by Dowan (13 damage)
             ... with a stone arrow
             ... on level 7 of the Dungeon.
             The game lasted 00:20:50 (10554 turns).

Doot the Basher (Tengu Gladiator)                  Turns: 10554, Time: 00:20:51

Health: -1/59      AC: 10    Str: 15    XL:     10   Next: 13%
Magic:  13/13      EV: 14    Int: 12    God:    Lugonu [**....]
Gold:   87         SH:  0    Dex: 18    Spells: 2/9 levels left

rFire   . . .      SeeInvis .   D - +5 war axe
rCold   . . .      Faith    .   (no shield)
rNeg    + . .      Spirit   .   p - +0 scale mail
rPois   .          Reflect  .   c - +0 hat
rElec   .          Harm     .   e - +0 cloak
rCorr   .          Rampage  .   g - +0 pair of gloves
Will    .....                   (boots unavailable)
Stlth   +.........              (no amulet)
HPRegen 0.19/turn               o - ring of positive energy
MPRegen 0.13/turn               (no ring)

@: lethally poisoned (-1 -> -3), flying quickly and evasively, quick
A: beak, talons 3, nimble flight, horns 1, agile 1, low MP 1
a: Renounce Religion, Depart the Abyss, Bend Space


You were on level 7 of the Dungeon.
You worshipped Lugonu.
Lugonu was pleased with you.
You visited 2 branches of the dungeon, and saw 9 of its levels.

You collected 329 gold pieces.
You spent 242 gold pieces at shops.

Inventory:

Hand Weapons
 a - a +0 flail
 n - a +0 great sword
 r - a +2 quarterstaff of chaos
 D - a +5 war axe (weapon)
Missiles
 C - a throwing net (quivered)
Armour
 b - a +0 leather armour
 c - a +0 hat (worn)
 e - a +0 cloak (worn)
 g - a +0 pair of gloves (worn)
 l - a +1 robe of the Archmagi
 p - a +0 scale mail (worn)
Jewellery
 o - a ring of positive energy (left hand)
 B - a ring of positive energy
Wands
 j - a wand of polymorph (9)
 m - a wand of mindburst (2)
 E - a wand of iceblast (6)
Scrolls
 d - 2 scrolls of fog {unknown}
 f - 9 scrolls of identify
 h - a scroll of fear {unknown}
 k - a scroll of holy word {unknown}
 q - a scroll of magic mapping
 t - 3 scrolls of teleportation
 v - a scroll of blinking {unknown}
 w - a scroll of noise {unknown}
 y - a scroll of brand weapon {unknown}
Potions
 s - a potion of lignification
 u - 3 potions of curing
 x - a potion of cancellation {unknown}
 z - a potion of brilliance {unknown}
 A - a potion of mutation
 F - a potion of flight {unknown}
 G - a potion of resistance {unknown}


   Skills:
 + Level 5.0 Fighting
 + Level 1.8(5.9) Axes
 + Level 9.0(9.1) Maces & Flails
 * Level 4.6 Throwing
 + Level 6.4 Armour
 + Level 5.7 Dodging
 + Level 2.5 Stealth
 + Level 1.0 Unarmed Combat
 * Level 4.9 Invocations
 + Level 2.2 Evocations


You had 2 spell levels left.
You knew the following spells:

 Your Spells              Type           Power      Damage    Failure   Level
a - Swiftness             Air            0%         N/A       98%         3
b - Airstrike             Air            0%         N/A       100%        4

Your spell library contained the following spells:

 Spells                   Type           Power      Damage    Failure   Level
 Magic Dart               Conj           0%         1d3       75%         1
 Shock                    Conj/Air       0%         1d3       75%         1
 Searing Ray              Conj           0%         2d4       86%         2
 Static Discharge         Conj/Air       0%         N/A       86%         2
 Gell's Gravitas          Tloc           0%         N/A       98%         3
 Lesser Beckoning         Tloc           0%         N/A       98%         3
 Teleport Other           Tloc           0%         N/A       98%         3
 Fulminant Prism          Conj/Hex       0%         3d6       100%        4
 Lightning Bolt           Conj/Air       0%         1d11      100%        5
 Maxwell's Capacitive Co  Air            0%         ∞         100%        8


Dungeon Overview and Level Annotations

Branches:
Dungeon (8/15)             Temple (1/1) D:4
   Lair: D:8-11

Altars:
Ashenzari
Cheibriados
Dithmenos
Elyvilon
Fedhas
Gozag
Hepliaklqana
Kikubaaqudgha
Makhleb
Nemelex Xobeh
Qazlal
Ru
Sif Muna
Trog
Uskayaw
Vehumet
Wu Jian
Yredelemnul
Zin
The Shining One
Lugonu

Shops:
D:1 :

Annotations:
D:4 1 runed translucent door, KamiKatze's ghost, amateur OpCj
D:7 Dowan


Innate Abilities, Weirdness & Mutations

You have a beak for a mouth.
You have claws for feet.
Your magical nature lets you fly swiftly and evasively.
You have a pair of small horns on your head.
You are agile. (Dex +2)
Your magical capacity is low. (-10% MP)


Message History

Your headbutt misses the gnoll sergeant.
You peck the gnoll sergeant, but do no damage.
The gnoll sergeant is lightly wounded.
You feel very sick. The gnoll closely misses you.
The gnoll sergeant barely misses you.
Unknown command.
You slash the gnoll sergeant! You claw the gnoll sergeant.
You peck the gnoll sergeant, but do no damage.
You punch the gnoll sergeant.
The gnoll sergeant is severely wounded.
You feel very sick. The gnoll barely misses you.
The gnoll sergeant hits you with a +3 trident of venom.
You are more poisoned.
You barely miss the gnoll sergeant.
The gnoll sergeant is severely wounded.
You feel very sick. The gnoll hits you but does no damage.
The gnoll sergeant hits you with a +3 trident of venom!
* * * LOW HITPOINT WARNING * * *
Unknown command.
You feel much better.
You feel very sick. The gnoll barely misses you.
The gnoll sergeant hits you but does no damage.
Unknown command.
You feel sick.
The gnoll sergeant hits you from afar with a +3 trident of venom.
You feel sick.
You feel sick.
You feel sick.
There is a stone staircase leading up here.
You feel sick.
The gnoll sergeant completely misses you.
You fly upwards.
Level annotation: Dowan You feel sick.
Dowan gestures at you while chanting. The stone arrow hits you!
You die...

#......# #..##.## # ######.#
####..##.# ####### #.#
#.....##.# #...... #.#
#.....##.# #.##### #.#
#..#####.# #.# # #.# #e.#
#.###.##### #.# #..#
#.......... #.# #[.#
###.......# #.# #@.# #.#####.#
#.# #..#######.#.....# #.#
#..........#...e.. ##.##
#.########.#.....#
#######.#.###..........#>....#
#......###.##########......(.#
#.#####.#.## #.####.### #.#
##.## #.###...## #.# ###
#.........


You could see Dowan (fast).

Vanquished Creatures
  Grinder (D:3)
  Prince Ribbit (D:7)
  Sigmund (D:3)
  4 yaks
  A steam dragon (D:7)
  Menkaure (D:6)
  Duvessa (D:7)
  A water moccasin (D:7)
  A sky beast (D:7)
  An ice beast (D:6)
  A hornet zombie (D:5)
  A black bear (D:6)
  A necrophage (D:6)
  3 ogres
  A kobold brigand (D:6)
  4 scorpions
  A gnoll sergeant (D:7)
  6 wights
  A howler monkey (D:5)
  A centaur zombie (D:6)
  3 bullfrog zombies
  2 hounds
  A jelly (D:3)
  An orc priest (D:3)
  Crazy Yiuf (D:3)
  A bullfrog skeleton (D:5)
  A gnoll shaman (D:5)
  3 iguanas
  2 orc wizards
  A killer bee zombie (D:7)
  8 gnolls
  8 adders
  A white imp (D:8)
  An ufetubus (D:6)
  An adder skeleton (D:5)
  3 worms (D:2)
  5 dart slugs
  8 orcs
  2 bats
  13 endoplasms
  5 giant cockroaches
  6 goblins
  8 hobgoblins
  2 jackals (D:4)
  5 quokkas
  3 ball pythons
  4 frilled lizards
  15 kobolds
  A rat (D:1)
148 creatures vanquished.

Notes
Turn   | Place    | Note
-------+----------+-------------------------------------------
     0 | D:1      | Doot the Tengu Gladiator began the quest for the Orb.
     0 | D:1      | Reached XP level 1. HP: 12/12 MP: 2/2
    72 | D:1      | Reached XP level 2. HP: 17/17 MP: 3/3
   454 | D:1      | Found Desoqiod's Book Emporium.
   567 | D:1      | Reached XP level 3. HP: 21/21 MP: 4/4
   664 | D:1      | Found a faded altar of an unknown god.
   991 | D:2      | Reached skill level 4 in Maces & Flails
  1219 | D:2      | Reached XP level 4. HP: 27/27 MP: 5/5
  1293 | D:2      | Reached skill level 1 in Armour
  2133 | D:4      | Found a runed translucent door.
  2133 | D:4      | Noticed KamiKatze's ghost (amateur OpCj)
  2246 | D:4      | Found a staircase to the Ecumenical Temple.
  2257 | Temple   | Entered the Ecumenical Temple
  2272 | Temple   | Became a worshipper of Lugonu the Unformed
  2272 | Temple   | Reached * piety under Lugonu
  2438 | D:4      | Gained mutation: Your magical nature lets you fly swiftly
                  | and evasively. [Tengu growth]
  2438 | D:4      | Reached XP level 5. HP: 29/31 MP: 6/6
  2674 | D:3      | Gained mutation: You have a pair of small horns on your
                  | head. [potion of mutation]
  2674 | D:3      | Gained mutation: You are agile. (Dex +2) [potion of
                  | mutation]
  2674 | D:3      | Gained mutation: Your magical capacity is low. (-10% MP)
                  | [potion of mutation]
  2699 | D:3      | Reached skill level 5 in Maces & Flails
  2700 | D:3      | HP: 1/46 [frozen (3)]
  3058 | D:3      | Found a runed translucent door.
  3059 | D:3      | Noticed Crazy Yiuf
  3536 | D:3      | Found a broken altar of Ashenzari.
  3536 | D:3      | Noticed Grinder
  3548 | D:3      | Paralysed by Grinder for 4 turns
  3572 | D:3      | Killed Grinder
  3573 | D:3      | Reached skill level 1 in Invocations
  3573 | D:3      | Reached skill level 1 in Evocations
  3573 | D:3      | Reached XP level 6. HP: 27/36 MP: 7/7
  3671 | D:3      | Noticed Sigmund
  3675 | D:3      | Killed Sigmund
  3676 | D:3      | Reached skill level 1 in Stealth
  3676 | D:3      | Reached XP level 7. HP: 35/41 MP: 8/8
  4133 | D:4      | You are sucked into a shaft and drop 3 floors!
  4155 | D:6      | Noticed a yak
  4156 | D:6      | Noticed a yak
  4210 | D:6      | Noticed a yak
  4217 | D:6      | Noticed a yak
  4249 | D:5      | Entered Level 5 of the Dungeon
  4332 | D:6      | HP: 1/39 [wight/+0 scimitar (2)]
  4398 | D:6      | Reached skill level 6 in Maces & Flails
  4766 | D:6      | Reached XP level 8. HP: 37/46 MP: 9/9
  4878 | D:6      | Found a white marble altar of Elyvilon.
  4879 | D:6      | Found a glowing golden altar of the Shining One.
  4879 | D:6      | Found a glowing silver altar of Zin.
  5594 | D:3      | Killed Crazy Yiuf
  5748 | D:4      | Reached skill level 1 in Unarmed Combat
  6084 | D:4      | Reached ** piety under Lugonu
  6850 | D:6      | Reached skill level 5 in Dodging
  7073 | D:5      | Reached skill level 7 in Maces & Flails
  7671 | D:6      | Reached XP level 9. HP: 37/52 MP: 11/11
  7963 | D:5      | Reached skill level 5 in Armour
  7969 | D:5      | Reached skill level 8 in Maces & Flails
  8329 | D:6      | Noticed Menkaure
  8465 | D:6      | Killed Menkaure
  8970 | D:7      | Noticed Prince Ribbit
  8990 | D:7      | Killed Prince Ribbit
  9120 | D:7      | Reached skill level 1 in Axes
  9120 | D:7      | Reached XP level 10. HP: 51/58 MP: 13/13
  9217 | D:7      | Reached skill level 9 in Maces & Flails
  9747 | D:1      | Bought a book of Air for 242 gold pieces
  9751 | D:1      | Learned a level 3 spell: Swiftness
  9756 | D:1      | Learned a level 4 spell: Airstrike
  9962 | D:7      | Found a stormy altar of Qazlal.
  9964 | D:7      | Found a blossoming altar of Fedhas.
  9965 | D:7      | Found a hazy altar of Hepliaklqana.
  9971 | D:7      | Found a snail-covered altar of Cheibriados.
  9972 | D:7      | Found a bloodstained altar of Trog.
  9974 | D:7      | Found a sparkling altar of Nemelex Xobeh.
  9975 | D:7      | Found an ornate altar of the Wu Jian Council.
  9977 | D:7      | Found a shadowy altar of Dithmenos.
  9981 | D:7      | Found a basalt altar of Yredelemnul.
  9982 | D:7      | Found an opulent altar of Gozag.
  9982 | D:7      | Noticed Duvessa
  9982 | D:7      | Noticed Dowan
 10021 | D:7      | Reached skill level 5 in Fighting
 10404 | D:7      | Killed Duvessa
 10554 | D:7      | Killed from afar by Dowan

Illustrated notes

Levels and vault maps discovered:
D:1:      eino_arrival_cavern_d, layout_loops_ring,
          chequers_ecumenical_altar_twisty, serial_shops, shop
D:2:      layout_loops_ring
D:3:      layout_basic, evilmike_ruin_ashenzari, minmay_splitting_lines,
          st_stairs_3, hangedman_decor_push, chequers_decorated_corner,
          uniq_crazy_yiuf_cottage, uniq_grinder, uniq_sigmund
D:4:      layout_loops_ring, minmay_temple_entry_crystal_x,
          hellmonk_ghost_happy_afterlife, palyth_stone_intersect,
          serial_park_tiny_pond
D:5:      layout_rooms, minmay_misc_feat_roman
D:6:      layout_loops_ring, good_gods_temple_1, uniq_menkaure
D:7:      layout_loops_ring, nicolae_overflow_hallway_of_the_gods, uniq_duvessa,
          uniq_prince_ribbit1
D:8:      layout_gridville, uniq_grum
Temple:   corrupted_temple

Skill      XL: |  1  2  3  4  5  6  7  8  9 10 |
---------------+-------------------------------+-----
Maces & Flails | 4 5 6 7 8 9 |  9.0
Armour         | 1 2 3 4 6 |  6.4
Dodging        | 4 5 |  5.7
Invocations    | 1 2 3 4 |  4.9
Evocations     | 1 2 |  2.2
Fighting       | 3 4 5 |  5.0
Stealth        | 1 2 |  2.5
Unarmed Combat | 1 |  1.0
Throwing       | 3 4 |  4.6
Axes           | 1 |  1.8

Action                   |  1- 3 |  4- 6 |  7- 9 | 10-12 || total
-------------------------+-------+-------+-------+-------++-------
Melee: Flail             |    67 |    95 |   222 |       ||   384
       Kick              |    16 |    21 |    94 |    14 ||   145
       Peck              |     9 |    10 |    61 |    10 ||    90
       Punch             |       |     3 |     4 |     2 ||     9
       Unarmed           |       |     8 |       |       ||     8
       Headbutt          |       |     2 |    41 |     4 ||    47
       War axe           |       |       |    23 |    34 ||    57
Throw: Throwing net      |       |     1 |     4 |     1 ||     6
Evoke: Wand              |       |     7 |     5 |       ||    12
  Use: Potion            |       |     5 |       |     1 ||     6
       Scroll            |       |       |     4 |       ||     4
 Stab: Sleeping          |     1 |       |     2 |       ||     3
Armor: Leather armour    |    12 |    11 |    17 |       ||    40
       Skin              |       |    39 |       |       ||    39
       Scale mail        |       |       |    66 |     9 ||    75
Dodge: Dodged            |    41 |    62 |   178 |    33 ||   314
